 Dungeon Crawl Stone Soup version 0.22.1-1-ga44c0e5 (webtiles) character file.

75 Stepladder the Poker (level 4, 0/35 HPs)
             Began as a Merfolk Gladiator on Sept 27, 2018.
             Was an Initiate of Yredelemnul.
             Succumbed to an adder's poison
             ... on level 2 of the Dungeon.
             The game lasted 00:05:31 (1276 turns).

Stepladder the Poker (Merfolk Gladiator)            Turns: 1276, Time: 00:05:31

Health: 0/35       AC:  6    Str: 15    XL:     4   Next: 31%
Magic:  4/4        EV: 13    Int:  7    God:    Yredelemnul [......]
Gold:   79         SH:  0    Dex: 15    Spells: 3/3 levels left

rFire    . . .     SeeInvis .   a - +0 trident
rCold    . . .     Gourm    .   (no shield)
rNeg     . . .     Faith    .   j - +0 ring mail
rPois    .         Spirit   .   c - +0 helmet
rElec    .         Reflect  .   (no cloak)
rCorr    .         Harm     .   (no gloves)
MR       .....                  (no boots)
Stlth    +.........             (no amulet)
HPRegen  0.11/turn              (no ring)
MPRegen  0.09/turn              (no ring)

@: lethally poisoned (0 -> -3), hasted, very quick
A: change form in water, swift swim, stealthy swim
a: Renounce Religion


You were on level 2 of the Dungeon.
You worshipped Yredelemnul.
Yredelemnul was noncommittal.
You were not hungry.

You visited 1 branch of the dungeon, and saw 2 of its levels.

You collected 79 gold pieces.

Inventory:

Hand Weapons
 a - a +0 trident (weapon)
Missiles
 d - 3 throwing nets
 i - 38 stones (quivered)
Armour
 c - a +0 helmet (worn)
 j - a +0 ring mail (worn)
Scrolls
 g - a scroll of amnesia {unknown}
 h - a scroll of identify {unknown}
Potions
 b - a potion of heal wounds {unknown}
 e - a potion of haste
Comestibles
 f - a ration


   Skills:
 + Level 3.1 Fighting
 + Level 5.5 Polearms
 - Level 2.0 Throwing
 + Level 4.9 Dodging
 + Level 0.9 Invocations


You had 3 spell levels left.
You didn't know any spells.
Your spell library was empty.

Dungeon Overview and Level Annotations

Branches:
Dungeon (1/15)

Altars:
Yredelemnul


Message History

You are poisoned.
The adder poisons you!
You feel sick.
You feel sick. The adder barely misses you.
You feel sick. The adder bites you but does no damage.
You closely miss the adder.
You feel sick. The adder bites you.
* * * LOW HITPOINT WARNING * * *
You closely miss the adder. The adder misses you.
You closely miss the adder. The adder barely misses you. The adder bites you.
* * * LOW HITPOINT WARNING * * *
* * * LOW HITPOINT WARNING * * *
You feel sick. The adder bites you.
* * * LOW HITPOINT WARNING * * *
It was a potion of haste.
You feel yourself speed up.
You die...
Your body rises from the dead as a mindless zombie.

########### ############
#.........# #...........
#.#######.# #.#####..### #.#
#.# ##### #.#####..# ## #.#
#####.###...###.##.....### .#
#.###.......S@................
.#
#.........###....##.##........
.# #####.#####
###...#.#####..... ## #.######
#.............##. # #......#
##...########.##. # ######.#
##.## #.##. # #.# #.# #.##. #
#.# #.# #.##. # #.# ##'##
#....


You could see an adder.

Vanquished Creatures
  A killer bee zombie (D:2)
  3 adders (D:2)
  2 worms (D:2)
  2 leopard geckos
  2 goblins (D:2)
  A hobgoblin (D:2)
  3 jackals (D:2)
  3 bats
  A frilled lizard (D:2)
  5 kobolds (D:2)
  A rat (D:2)
24 creatures vanquished.

Notes
Turn   | Place    | Note
-------+----------+-------------------------------------------
     0 | D:1      | Stepladder the Merfolk Gladiator began the quest for the
                  | Orb.
     0 | D:1      | Reached XP level 1. HP: 16/16 MP: 1/1
    69 | D:1      | You fall through a shaft!
   158 | D:2      | Reached XP level 2. HP: 23/23 MP: 2/2
   480 | D:2      | Reached skill level 5 in Polearms
   502 | D:2      | Reached XP level 3. HP: 23/28 MP: 3/3
   619 | D:2      | Found a basalt altar of Yredelemnul.
   627 | D:2      | Became a worshipper of Yredelemnul the Dark
  1202 | D:2      | Reached XP level 4. HP: 9/35 MP: 4/4
  1275 | D:2      | HP: 1/35 [adder (3)]
  1276 | D:2      | Succumbed to an adder's poison

Skill      XL: |  1  2  3 |
---------------+----------+-----
Polearms       | 5 |  5.5
Fighting       | 3 |  3.1
Throwing       | |  2.0
Dodging        | |  4.9
Invocations    | |  0.9

Action                   |  1- 3 |  4- 6 || total
-------------------------+-------+-------++-------
Melee: Trident           |   111 |     3 ||   114
Throw: Stone             |     6 |       ||     6
  Use: Scroll            |     1 |       ||     1
       Potion            |       |     1 ||     1
  Eat: Chunk             |     1 |       ||     1
Armor: Leather armour    |     6 |       ||     6
       Ring mail         |    20 |     6 ||    26
Dodge: Dodged            |    63 |    14 ||    77
